 Dungeon Crawl Stone Soup version 0.31.0-9-g3a7656b989 (webtiles) character file.

Game seed: 2885985036636320812

885 qw the Skirmisher (level 7, -3/44 HPs)
             Began as a Deep Elf Hunter on Feb 2, 2024.
             Slain by an orc warrior
             ... wielding a +0 mace
              (15 damage)
             ... on level 4 of the Dungeon.
             The game lasted 00:00:55 (2231 turns).

qw the Skirmisher (Deep Elf Hunter)                 Turns: 2231, Time: 00:00:56

Health: -3/44      AC:  6    Str: 10    XL:     7   Next: 76%
Magic:  9/9        EV: 11    Int: 14    God:
Gold:   155        SH:  0    Dex: 18    Spells: 6/6 levels left

rFire   . . .        c - +6 longbow (freeze)
rCold   . . .        (shield currently unavailable)
rNeg    . . .        g - +0 ring mail
rPois   .            (no helmet)
rElec   .            (no cloak)
rCorr   .            (no gloves)
SInv    .            e - +0 pair of boots
Will    .....        (no amulet)
Stlth   +            (no ring)
HPRegen 0.27/turn    (no ring)
MPRegen 0.11/turn

%: no passive effects
@: about to teleport
A: no striking features
a: no special abilities


You were on level 4 of the Dungeon.
You visited 1 branch of the dungeon, and saw 4 of its levels.

You collected 155 gold pieces.


   Skills:
 - Level 4.4 Fighting
 - Level 10.3 Ranged Weapons
 + Level 0.7 Armour
 - Level 3.5 Dodging
 - Level 1.2 Stealth


You had 6 spell levels left.
You didn't know any spells.
Your spell library was empty.

Inventory:

Hand Weapons
 c - a +6 longbow of freezing (weapon)
Armour
 e - a +0 pair of boots (worn)
 g - a +0 ring mail (worn)
Jewellery
 j - a ring of ice
Wands
 h - a wand of charming (7)
Potions
 b - a potion of cancellation
 i - a potion of enlightenment
 k - a potion of curing

Dungeon Overview and Level Annotations

Branches:
Dungeon (4/15)
 Temple: D:4-7

Altars:
Fedhas
Yredelemnul

Shops:
D:2 (


Message History

The orc priest is severely wounded.
The orc priest hits you from afar with a +2 trident of holy wrath.
The phantom barely misses you. x2
You shoot an arrow. The arrow hits the phantom!
The phantom is almost destroyed.
The orc priest closely misses you. The phantom completely misses you.
You shoot an arrow. The arrow hits the phantom!
You destroy the phantom!
The orc priest hits you from afar with a +2 trident of holy wrath!
The orc warrior shoots an arrow.
The arrow closely misses you.
Your Dodging skill increases to level 3!
You shoot an arrow.
The arrow closely misses the orc priest.
The orc priest hits you from afar with a +2 trident of holy wrath.
The orc warrior shoots an arrow.
The arrow hits you!
The orc priest hits you but does no damage.
You shoot an arrow. The arrow hits the orc priest.
The arrow freezes the orc priest.
You kill the orc priest!
The orc warrior shoots an arrow.
The arrow barely misses you.
You shoot an arrow.
The arrow closely misses the orc warrior.
The orc warrior unwields a +0 orcbow.
The orc warrior wields a +0 mace.
The orc warrior hits you with a +0 mace.
You shoot an arrow.
The arrow hits the orc warrior but does no damage.
The orc warrior hits you with a +0 mace.
You shoot an arrow. The arrow hits the orc warrior.
The arrow freezes the orc warrior.
The orc warrior is moderately wounded.
The orc warrior hits you with a +0 mace.
You shoot an arrow.
The arrow closely misses the orc warrior.
The orc warrior hits you with a +0 mace.
The orc warrior hits you but does no damage.
2231 ||| READING scroll of teleportation.
As you read the scroll of teleportation, it crumbles to dust.
You feel strangely unstable.
The orc warrior hits you with a +0 mace!
You die...

...# #.....## ###
#....... ....
#.....# .....
#.....#
.....)#####.....#
...).)o@........#
......##.......#
###.. +.......#
.. #.
#.......#...# #
#####........
########.###...#
#.........# ..#
#.######..# ##
#.#<...#).#


You could see an orc warrior.

Vanquished Creatures
  An oklob plant (D:3)
  Grinder (D:3)
  An ogre (D:4)
  A phantom (D:4)
  2 orc priests
  An orc wizard (D:2)
  3 adders
  A dart slug (D:1)
  6 orcs
  5 bats
  2 endoplasms (D:2)
  2 giant cockroaches (D:1)
  3 goblins
  4 hobgoblins
  4 kobolds
  A quokka (D:1)
  A ball python (D:1)
  2 frilled lizards (D:2)
  3 rats
44 creatures vanquished.

Notes
Turn   | Place    | Note
-------+----------+-------------------------------------------
     0 | D:1      | qw the Deep Elf Hunter began the quest for the Orb.
     0 | D:1      | Reached XP level 1. HP: 12/12 MP: 3/3
     0 | D:1      | 0 ||| qw: Version: 0.3-a-155-g5e7d8dd
     0 | D:1      | 0 ||| qw: Game counter: 2847
     0 | D:1      | 0 ||| qw: Melee chars always use a shield: true
     0 | D:1      | 0 ||| qw: God list: Okawaru
     0 | D:1      | 0 ||| qw: Allow faded altars: false
     0 | D:1      | 0 ||| qw: Do Orc after clearing Dungeon:15 true
     0 | D:1      | 0 ||| qw: Do second Lair branch before Depths: true
     0 | D:1      | 0 ||| qw: Lair rune preference: random
     0 | D:1      | 0 ||| qw: Goals: Normal
     0 | D:1      | 0 ||| PLANNING D:1-11
   333 | D:1      | Reached XP level 2. HP: 14/16 MP: 4/4
   362 | D:1      | Reached skill level 6 in Ranged Weapons
   622 | D:1      | 622 ||| UPGRADING to +0 pair of boots.
   627 | D:1      | 627 ||| UPGRADING to +0 ring mail.
   637 | D:1      | 637 ||| DROPPING +0 leather armour.
   638 | D:1      | 638 ||| READING 2 scrolls labelled ZIBBOXEWNU.
   638 | D:1      | 638 ||| IDENTIFYING white potion
   639 | D:1      | 639 ||| READING scroll of identify.
   639 | D:1      | 639 ||| IDENTIFYING fuming pink potion
   640 | D:1      | 640 ||| READING scroll labelled RYEKISIMOE.
   640 | D:1      | Identified a scroll of acquirement
   640 | D:1      | 640 ||| ACQUIRING +6 longbow of freezing
   640 | D:1      | Acquired a +6 longbow of freezing
   642 | D:1      | 642 ||| SWAPPING to +6 longbow of freezing.
   643 | D:1      | 643 ||| DROPPING +0 shortbow.
   644 | D:1      | 644 ||| DRINKING 2 golden potions.
   645 | D:1      | 645 ||| DROPPING scroll of butterflies.
   748 | D:2      | Found Ponexug's Weapon Shop.
   782 | D:2      | Reached XP level 3. HP: 20/20 MP: 5/5
  1114 | D:2      | 1114 ||| DROPPING ring of wizardry.
  1115 | D:2      | 1115 ||| READING scroll of identify.
  1115 | D:2      | 1115 ||| IDENTIFYING sedimented emerald potion
  1116 | D:2      | 1116 ||| READING scroll labelled TIMAUH VAEHU.
  1217 | D:2      | 1217 ||| READING scroll labelled IDUNUM JAFEQ.
  1318 | D:2      | 1318 ||| READING scroll labelled JYWNUU XIH GONT.
  1319 | D:2      | 1319 ||| READING scroll labelled BYNAESOZOQ.
  1356 | D:3      | Reached skill level 7 in Ranged Weapons
  1359 | D:3      | 1359 ||| STAIRDANCE
  1412 | D:3      | 1412 ||| STAIRDANCE
  1416 | D:2      | Reached XP level 4. HP: 22/25 MP: 6/6
  1430 | D:3      | 1430 ||| STAIRDANCE
  1461 | D:3      | 1461 ||| STAIRDANCE
  1467 | D:3      | 1467 ||| STAIRDANCE
  1472 | D:3      | 1472 ||| STAIRDANCE
  1519 | D:3      | Reached skill level 8 in Ranged Weapons
  1522 | D:3      | 1522 ||| STAIRDANCE
  1600 | D:3      | Found a basalt altar of Yredelemnul.
  1760 | D:3      | Noticed Grinder
  1764 | D:3      | HP: 4/25 [Grinder (4)]
  1765 | D:3      | 1765 ||| READING scroll of teleportation.
  1766 | D:3      | 1766 ||| DRINKING potion of heal wounds.
  1767 | D:3      | 1767 ||| FLEEEEING.
  1775 | D:3      | Killed Grinder
  1776 | D:3      | Reached skill level 9 in Ranged Weapons
  1776 | D:3      | Reached XP level 5. HP: 14/29 MP: 7/7
  1776 | D:3      | Reached XP level 6. HP: 16/34 MP: 8/8
  1863 | D:3      | Found a blossoming altar of Fedhas.
  1895 | D:3      | Noticed an oklob plant
  1905 | D:3      | Killed an oklob plant
  1906 | D:3      | Reached XP level 7. HP: 44/44 MP: 9/9
  2149 | D:3      | 2149 ||| READING 3 scrolls of identify.
  2149 | D:3      | 2149 ||| IDENTIFYING lumpy amethyst potion
  2150 | D:3      | 2150 ||| READING 2 scrolls of identify.
  2150 | D:3      | 2150 ||| IDENTIFYING bubbling red potion
  2151 | D:3      | 2151 ||| READING scroll of identify.
  2151 | D:3      | 2151 ||| IDENTIFYING scroll labelled FIXOSY ORAFIFF
  2152 | D:3      | 2152 ||| READING scroll labelled DAYZIU FOMP.
  2153 | D:3      | 2153 ||| DROPPING scroll of blinking.
  2154 | D:3      | 2154 ||| DROPPING potion of lignification.
  2155 | D:3      | 2155 ||| DROPPING potion of brilliance.
  2207 | D:4      | Reached skill level 10 in Ranged Weapons
  2217 | D:4      | 2217 ||| RETREEEEATING.
  2225 | D:4      | Reached skill level 3 in Dodging
  2230 | D:4      | HP: 11/44 [orc warrior/+0 mace (2)]
  2231 | D:4      | 2231 ||| READING scroll of teleportation.
  2231 | D:4      | Slain by an orc warrior

Levels and vault maps discovered:
D:1:      psy_arrival_fountain, layout_loops_ring
D:2:      layout_rooms, serial_shops, nicolae_shop_hallway_plus,
          kennysheep_decorative_pillar
D:3:      layout_rooms, mainiacjoe_overflow_tiny_flanked, tgw_fedhas,
          uniq_grinder
D:4:      kennysheep_the_goblin_king, layout_basic,
          nemelex_xobeh_ov_fountains_minmay, trog_wizard, lemuel_doored_altar,
          lemuel_zombie_altar_kikubaaqudgha, uniq_natasha

Skill      XL: |  1  2  3  4  5  6  7 |
---------------+----------------------+-----
Ranged Weapons | 6 7 9 10 | 10.3
Fighting       | 4 |  4.4
Dodging        | 3 |  3.5
Armour         | |  0.7
Stealth        | |  1.2

Action                     |  1- 3 |  4- 6 |  7- 9 || total
---------------------------+-------+-------+-------++-------
   Fire: Shortbow          |    58 |       |       ||    58
         Longbow           |    23 |    30 |    23 ||    76
    Use: Scroll            |     8 |     1 |     5 ||    14
         Potion            |     1 |     1 |       ||     2
 Armour: Leather armour    |    12 |       |       ||    12
         Ring mail         |     4 |    12 |    16 ||    32
  Dodge: Dodged            |    18 |     7 |    12 ||    37

Table legend:
 A = Non-vault XP
 B = Vault XP
 C = Vault XP percentage of total XP
 D = Non-vault monster count
 E = Vault monster count
 F = Vault count percentage of total count
                 A         B        C        D         E       F
            +---------+---------+-------+---------+---------+-------
      Total |     451 |     814 |  64.3 |      42 |       2 |   4.5
            +---------+---------+-------+---------+---------+-------
        D:1 |      20 |       0 |   0.0 |      10 |       0 |   0.0
        D:2 |      78 |       0 |   0.0 |      17 |       0 |   0.0
        D:3 |      84 |     814 |  90.6 |      10 |       2 |  16.7
        D:4 |     269 |       0 |   0.0 |       5 |       0 |   0.0
            +---------+---------+-------+---------+---------+-------
